[Event "Early Titled Tuesday Blitz | February 8 2022"]
[White "Karabalis, Harilos"]
[Black "Ashiev, Eduard"]
[WhiteFideId "4621808"]
[BlackFideId "4130090"]
[WhiteElo "2168"]
[BlackElo "2004"]
[Result "1-0"]
[Round "05"]
[TimeControl "180+1"]
[Date "2022.02.08"]
[WhiteClock "0:00:55"]
[BlackClock "0:00:23"]

1. e4 e5 2. Nf3 Nc6 3. Bb5 Nge7 4. O-O g6 5. c3 Bg7 6. d4 exd4 7. cxd4 d5 8. e5 O-O 9. h3 f6 10. exf6 Rxf6 11. Nc3 h6 12. Re1 Kh7 13. Ne5 Nf5 14. Bxc6 bxc6 15. Bf4 Bd7 16. Ng4 Rf8 17. Be5 Nd6 18. Bxg7 Kxg7 19. Qd2 Qg5 20. Qxg5 hxg5 21. Re7+ Rf7 22. Rae1 Re8 23. Rxf7+ Nxf7 24. Rxe8 Bxe8 25. Na4 Nd6 26. Ne3 Bd7 27. Nc5 Bc8 28. a4 Kf6 29. f3 Nf5 30. Nxf5 gxf5 31. Kf2 f4 32. a5 Kf5 33. b4 a6 34. g3 Kf6 35. Kg2 Kg6 36. Kh2 Kf6 37. g4 Kg6 38. Nd3 Bd7 39. Ne5+ 1-0


[Site "https://www.chess.com"]

[Event "Early Titled Tuesday Blitz | February 8 2022"]
[White "Karavaeva, Olga"]
[Black "Alves Campelo, Danilo Cesar De L"]
[WhiteFideId "4124111"]
[BlackFideId "2123657"]
[WhiteElo "2105"]
[BlackElo "1994"]
[Result "1-0"]
[Round "05"]
[TimeControl "180+1"]
[Date "2022.02.08"]
[WhiteClock "0:00:25"]
[BlackClock "0:00:04"]

1. c4 Nf6 2. Nc3 c5 3. g3 Nc6 4. Bg2 g6 5. Nf3 d5 6. cxd5 Nxd5 7. Nxd5 Qxd5 8. O-O Bg7 9. d3 O-O 10. Rb1 Qxa2 11. Be3 Nd4 12. Nxd4 cxd4 13. Bg5 e5 14. Ra1 Qe6 15. Qd2 Qb6 16. Ra4 f6 17. Bh6 Bxh6 18. Qxh6 Be6 19. Rfa1 a6 20. b4 Rac8 21. Bh3 Rc2 22. Bxe6+ Qxe6 23. b5 axb5 24. Rb4 Rxe2 25. Rxb5 Qf5 26. Rf1 Qf3 27. Rc5 Qh5 28. Qc1 Ra8 29. Qc4+ Kg7 30. Rc7+ Kh6 31. Qf7 Kg5 32. Rxb7 Raa2 33. Rb6 Qf3 34. Qxh7 Rxf2 35. Qh4+ Kf5 36. Rxf6# 1-0


[Site "https://www.chess.com"]

[Event "Early Titled Tuesday Blitz | February 8 2022"]
[White "Kepeshchuk, Mykhaylo"]
[Black "Murzin, Volodar"]
[WhiteFideId "14113139"]
[BlackFideId "44155573"]
[WhiteElo "2279"]
[BlackElo "2585"]
[Result "0-1"]
[Round "05"]
[TimeControl "180+1"]
[Date "2022.02.08"]
[WhiteClock "0:00:02"]
[BlackClock "0:00:04"]

1. d4 Nf6 2. c4 g6 3. Nc3 Bg7 4. e4 O-O 5. Nf3 d6 6. Be2 e5 7. d5 Na6 8. Be3 Ng4 9. Bg5 f6 10. Bh4 h5 11. Nd2 Nh6 12. f3 g5 13. Bf2 f5 14. h3 c5 15. a3 Nc7 16. Rb1 b6 17. b4 Bd7 18. Qc2 Qf6 19. Be3 Qg6 20. bxc5 bxc5 21. Rb7 Rfc8 22. Nb5 Nxb5 23. cxb5 Be8 24. Nc4 Rab8 25. Rxb8 Rxb8 26. a4 Bf8 27. exf5 Nxf5 28. Bd3 Nxe3 29. Bxg6 Nxc2+ 30. Bxc2 Be7 31. g4 Kg7 32. Ke2 Kf6 33. Na5 Bd8 34. Nc6 Ra8 35. h4 gxh4 36. Rxh4 hxg4 37. fxg4 Kg5 38. Rh8 Bb6 39. Ne7 Bxb5+ 40. axb5 Rxh8 41. Nf5 Rh2+ 42. Kd1 c4 43. Nxd6 Ba5 44. Nxc4 Bc3 0-1


[Site "https://www.chess.com"]

[Event "Early Titled Tuesday Blitz | February 8 2022"]
[White "Khamzin, Olzhas"]
[Black "Sharavdorj, Dashzegve"]
[WhiteFideId "13701690"]
[BlackFideId "4900340"]
[WhiteElo "2194"]
[BlackElo "2366"]
[Result "1/2-1/2"]
[Round "05"]
[TimeControl "180+1"]
[Date "2022.02.08"]
[WhiteClock "0:00:08"]
[BlackClock "0:00:23"]

1. d4 Nf6 2. Nc3 d5 3. Bg5 Nbd7 4. e3 g6 5. Qf3 Bg7 6. g4 c6 7. h4 e5 8. O-O-O e4 9. Qg2 h6 10. Bf4 h5 11. g5 Ng4 12. Bd6 Nb6 13. Ba3 Bf8 14. Bxf8 Kxf8 15. Nh3 Kg7 16. Be2 Qd6 17. Kb1 a5 18. Nf4 Bf5 19. Rhe1 a4 20. Qg3 Rhd8 21. a3 Qe7 22. Bf1 Nc8 23. f3 exf3 24. Qxf3 Nd6 25. Bd3 Ne4 26. Bxe4 dxe4 27. Nxh5+ Kh7 28. Qf4 Qd6 29. Qxd6 Rxd6 30. Ng3 Re6 31. d5 cxd5 32. Nxd5 Rc8 33. h5 Rc5 34. hxg6+ Bxg6 35. Nf4 Rec6 36. Nxg6 Kxg6 37. Nxe4 Rxc2 38. Rd6+ Rxd6 39. Kxc2 Rc6+ 40. Nc3 b5 41. Kd3 Rc5 42. e4 Ne5+ 43. Kc2 Nc4 44. Rg1 Ne3+ 45. Kd3 Nc4 46. Kd4 Rc8 47. Nxb5 Nxb2 48. Nd6 Rd8 49. Kd5 Nd3 50. e5 Rb8 51. Rf1 Rb3 52. Rf6+ Kxg5 53. Nxf7+ Kg4 54. e6 Nf4+ 55. Rxf4+ Kxf4 56. e7 Rd3+ 57. Kc6 Re3 58. Kd7 Rxe7+ 59. Kxe7 Ke4 60. Kd6 Kd4 61. Ne5 Kc3 62. Kc5 Kb3 63. Nc4 Kc3 64. Kb5 Kb3 65. Kc5 Kc3 66. Kd5 Kd3 67. Kc5 Kc3 1/2-1/2


[Site "https://www.chess.com"]

[Event "Early Titled Tuesday Blitz | February 8 2022"]
[White "Khoroshev, Nikita"]
[Black "Lazavik, Denis"]
[WhiteFideId "14200287"]
[BlackFideId "13515110"]
[WhiteElo "2354"]
[BlackElo "2436"]
[Result "1-0"]
[Round "05"]
[TimeControl "180+1"]
[Date "2022.02.08"]
[WhiteClock "0:00:04"]
[BlackClock "0:00:05"]

1. e4 c5 2. c3 Nf6 3. e5 Nd5 4. d4 cxd4 5. Qxd4 e6 6. Nf3 Nc6 7. Qe4 f5 8. Qe2 b5 9. g3 Be7 10. Bg2 O-O 11. O-O a5 12. Rd1 Qc7 13. Bf4 Ba6 14. Nbd2 b4 15. c4 Nxf4 16. gxf4 a4 17. b3 a3 18. Nf1 Rae8 19. Qd2 Rd8 20. Qe3 Rfe8 21. c5 Na7 22. Rd6 Bxd6 23. exd6 Qc8 24. Ng3 Bb7 25. Ne5 Bxg2 26. Kxg2 Qb7+ 27. Kh3 Nc6 28. Rg1 Nxe5 29. fxe5 f4 30. Qe4 Qxe4 31. Nxe4 Rf8 32. c6 dxc6 33. Nc5 Rfe8 34. d7 Re7 35. Rd1 Kf7 36. Rd6 g5 37. Kg4 h6 38. Kh5 Kg7 39. f3 Kf7 40. Kxh6 g4 41. fxg4 f3 42. Rd3 Rh8+ 43. Kg5 Rg8+ 44. Kf4 f2 45. Rf3 Kg7 46. Rxf2 Rh8 47. Ke3 Rd8 48. Rd2 Kf7 49. Rd6 1-0


[Site "https://www.chess.com"]

[Event "Early Titled Tuesday Blitz | February 8 2022"]
[White "Khripachenko, Alexander"]
[Black "Dilmukhametov, Artur"]
[WhiteFideId "54184975"]
[BlackFideId "24179922"]
[WhiteElo "2177"]
[BlackElo "2266"]
[Result "1-0"]
[Round "05"]
[TimeControl "180+1"]
[Date "2022.02.08"]
[WhiteClock "0:01:24"]
[BlackClock "0:00:39"]

1. d4 Nf6 2. c4 g6 3. Nc3 Bg7 4. e4 d6 5. f3 O-O 6. Bg5 b6 7. Qd2 a6 8. Nge2 c5 9. d5 e6 10. h4 exd5 11. Nxd5 Be6 12. Nec3 Nbd7 13. h5 b5 14. hxg6 fxg6 15. cxb5 axb5 16. Bxb5 Qa5 17. Bc4 Bxd5 18. Nxd5 Kh8 19. Qxa5 Rxa5 20. Bd2 Ra7 21. Bc3 Nxd5 22. Bxg7+ Kxg7 23. Bxd5 Ne5 24. O-O Rb8 25. b3 Ra3 26. Rfd1 g5 27. Rd2 Rb6 28. Rad1 h5 29. Be6 Raa6 30. a4 Kf6 31. Bd5 Ng6 32. Bc4 1-0


[Site "https://www.chess.com"]

[Event "Early Titled Tuesday Blitz | February 8 2022"]
[White "Khumalo, Keith"]
[Black "Yeletsky, Ivan"]
[WhiteFideId "14319470"]
[BlackFideId "24180327"]
[WhiteElo "1992"]
[BlackElo "2348"]
[Result "1-0"]
[Round "05"]
[TimeControl "180+1"]
[Date "2022.02.08"]
[WhiteClock "0:01:11"]
[BlackClock "0:00:04"]

1. d4 Nf6 2. c4 c5 3. d5 b5 4. Qc2 bxc4 5. e4 d6 6. Bxc4 g6 7. Nf3 Bg7 8. h3 O-O 9. O-O Ba6 10. Na3 Nfd7 11. Rb1 Nb6 12. Be2 Bxe2 13. Qxe2 Qc8 14. b3 Qa6 15. Nb5 N8d7 16. Bg5 Rfe8 17. a4 Rac8 18. Nd2 Na8 19. Nc4 Nc7 20. Nba3 Na8 21. Qc2 Nab6 22. Nb5 Nxc4 23. Qxc4 Nb6 24. Qe2 c4 25. Rfc1 cxb3 26. Rxc8 Rxc8 27. Rxb3 Qxa4 28. Ra3 Qc4 29. Qxc4 Nxc4 30. Rxa7 Rb8 31. Nc7 h5 32. Bxe7 Rb1+ 33. Kh2 Be5+ 34. g3 Rb2 35. Kg2 Ne3+ 36. Kf3 Nd1 37. Ra8+ Kh7 38. Kg2 Rxf2+ 39. Kg1 Rf3 40. g4 h4 41. Bxh4 Rxh3 42. Be1 Ne3 43. Bd2 Nxg4 44. Nb5 Rh2 45. Bc3 Re2 46. Bxe5 Nxe5 47. Nxd6 Nf3+ 48. Kf1 Rd2 49. Ra3 Ne5 50. Ke1 Rd4 51. Ke2 Kg7 52. Ke3 Rd1 53. Ra7 g5 54. Nf5+ Kg6 55. Ra6+ f6 56. Ke2 Rb1 57. Ne7+ Kh5 58. Rxf6 Rb2+ 59. Kd1 g4 60. Rf5+ Kh4 61. Rxe5 g3 62. Nf5+ Kg4 63. Nxg3 Kxg3 64. d6 Kf4 65. Re8 Rb6 66. e5 Rb5 67. Kc2 Rd5 68. Kc3 Ke4 69. Kc4 Rd1 70. Kc5 Rc1+ 71. Kb6 Rd1 72. Kc7 Rc1+ 73. Kd7 Kd5 74. e6 Ra1 75. Rc8 Ra6 76. e7 Rxd6+ 77. Ke8 Rh6 78. Kf7 Rh7+ 79. Kf6 Rh6+ 80. Kg7 1-0


[Site "https://www.chess.com"]

[Event "Early Titled Tuesday Blitz | February 8 2022"]
[White "Kiolbasa, Oliwia"]
[Black "Lauridsen, Jesper Morch"]
[WhiteFideId "1154613"]
[BlackFideId "1401890"]
[WhiteElo "2190"]
[BlackElo "2231"]
[Result "1-0"]
[Round "05"]
[TimeControl "180+1"]
[Date "2022.02.08"]
[WhiteClock "0:00:31"]
[BlackClock "0:00:29"]

1. e4 e6 2. d4 d5 3. e5 c5 4. c3 Bd7 5. Nf3 a6 6. Bd3 cxd4 7. O-O Bb5 8. Bxb5+ axb5 9. cxd4 b4 10. Bd2 Nc6 11. a3 Nge7 12. a4 Nf5 13. Be3 Be7 14. Nbd2 g5 15. Nb3 g4 16. Ne1 h5 17. Nd3 Bg5 18. Qd2 Bxe3 19. fxe3 g3 20. h3 Qg5 21. Rfe1 Nfxd4 22. exd4 Qxd2 23. Nxd2 Nxd4 24. Nxb4 Kd7 25. Rf1 Ke7 26. Nf3 Ne2+ 27. Kh1 Rhc8 28. Ng5 Rf8 29. a5 Rac8 30. a6 bxa6 31. Rxa6 Rc1 32. Rxc1 Nxc1 33. Ra7+ Kd8 34. Ra8+ Ke7 35. Nc6+ Kd7 36. Rxf8 Kxc6 37. Nxf7 Nd3 38. b3 Kc5 39. Kg1 Kd4 40. Kf1 Nxe5 41. Nxe5 1-0


[Site "https://www.chess.com"]

[Event "Early Titled Tuesday Blitz | February 8 2022"]
[White "Kiseleva, Arina"]
[Black "Iljin, Timofey"]
[WhiteFideId "4164989"]
[BlackFideId "14110180"]
[WhiteElo "1866"]
[BlackElo "2396"]
[Result "1-0"]
[Round "05"]
[TimeControl "180+1"]
[Date "2022.02.08"]
[WhiteClock "0:00:09"]
[BlackClock "0:00:25"]

1. d4 f5 2. c3 Nf6 3. g3 g6 4. Bg2 Bg7 5. Qb3 c6 6. Nh3 e6 7. Nf4 O-O 8. O-O Qe8 9. Nd3 d6 10. Nd2 Kh8 11. Nc4 Ne4 12. Bxe4 fxe4 13. Nxd6 Qd7 14. Nxe4 Na6 15. Nec5 Nxc5 16. Nxc5 Qe7 17. Nd3 b6 18. Bf4 c5 19. Be5 Bb7 20. Bxg7+ Qxg7 21. dxc5 Rab8 22. Qxe6 Rbe8 23. Qg4 Re4 24. f4 h5 25. Qg5 Rxe2 26. Rf2 Ree8 27. f5 Be4 28. f6 Qh7 29. Nf4 Bf5 30. Nxh5 Be4 31. Ng7 Rd8 32. Qh4 Bd5 33. Qxh7+ Kxh7 34. Re1 Rf7 35. h4 Rdf8 36. Re7 Bc6 37. Rxf7 Rxf7 38. Ne6 Kg8 39. Nd8 Rc7 40. f7+ Kf8 41. Ne6+ Ke7 42. f8=Q+ Kxe6 43. Qf6+ Kd5 44. Qf4 Re7 45. Qd6+ Kc4 46. Qxe7 Bd5 47. Rf4+ Kd3 48. a4 Kc2 49. Rd4 Kb3 50. cxb6 axb6 51. Rxd5 b5 52. Qd6 Ka2 53. Qb6 b4 54. Qa5 b3 55. Qb4 g5 56. Rd3 g4 57. a5 Kxb2 58. a6 Kc2 59. a7 b2 60. Qxb2+ Kxd3 61. Qb4 Kd2 62. Qxg4 Kc2 63. h5 Kxc3 64. h6 Kc2 65. h7 Kb3 66. h8=Q Kc2 67. Qf8 Kc1 68. Qe6 Kc2 69. Qee7 Kb1 70. Qfd8 Kb2 71. Qec7 Ka2 72. Qdb8 Ka3 73. a8=Q# 1-0


[Site "https://www.chess.com"]

[Event "Early Titled Tuesday Blitz | February 8 2022"]
[White "Komissarov, Alexey"]
[Black "Todorovic, Bojan"]
[WhiteFideId "4176545"]
[BlackFideId "917087"]
[WhiteElo "2216"]
[BlackElo "2266"]
[Result "0-1"]
[Round "05"]
[TimeControl "180+1"]
[Date "2022.02.08"]
[WhiteClock "0:00:03"]
[BlackClock "0:00:01"]

1. e4 e5 2. Nf3 Nc6 3. Nc3 Nf6 4. Rb1 Bb4 5. Nd5 O-O 6. Nxb4 Nxb4 7. d3 d5 8. Bd2 a5 9. a3 Nc6 10. exd5 Qxd5 11. Be2 e4 12. dxe4 Nxe4 13. Be3 Qe6 14. O-O Rd8 15. Bd3 b6 16. Qe2 Bb7 17. Bxb6 cxb6 18. Qxe4 Qh6 19. Rbe1 Rab8 20. Qe3 Ba8 21. Qxh6 gxh6 22. Re3 b5 23. Rfe1 b4 24. a4 b3 25. cxb3 Nb4 26. Be4 Bxe4 27. Rxe4 Nd3 28. Rd1 Nc5 29. Rxd8+ Rxd8 30. Rd4 Rb8 31. Rd5 Nxb3 32. g4 Rc8 33. Kg2 Rc4 34. Rb5 Rxg4+ 35. Kh3 Rb4 36. Rxb4 axb4 37. Ne5 Nc5 0-1


[Site "https://www.chess.com"]

[Event "Early Titled Tuesday Blitz | February 8 2022"]
[White "Kopylov, Alexander A."]
[Black "Sadhwani, Raunak"]
[WhiteFideId "4164857"]
[BlackFideId "35093487"]
[WhiteElo "2436"]
[BlackElo "2616"]
[Result "0-1"]
[Round "05"]
[TimeControl "180+1"]
[Date "2022.02.08"]
[WhiteClock "0:00:07"]
[BlackClock "0:01:43"]

1. e4 e5 2. Nf3 Nc6 3. Bc4 d6 4. d4 exd4 5. Nxd4 Nf6 6. Nc3 Be7 7. O-O O-O 8. h3 Re8 9. Re1 Nxd4 10. Qxd4 Nd7 11. Nd5 Bh4 12. Bf1 Ne5 13. Qc3 c6 14. Nf4 Bg5 15. Nd3 Bf6 16. Nxe5 Bxe5 17. Qd3 Qf6 18. c3 d5 19. Bd2 dxe4 20. Qxe4 Bh2+ 21. Kxh2 Rxe4 22. Rxe4 Bf5 23. Rd4 c5 24. Rd5 Be4 25. Bg5 Qg6 26. Re5 f6 27. Bc4+ Kh8 28. Re6 Bf5 29. Rd6 Qxg5 30. Rad1 Qf4+ 31. Kg1 Qxc4 32. Rd8+ Rxd8 33. Rxd8+ Qg8 34. Rxg8+ Kxg8 0-1


[Site "https://www.chess.com"]

[Event "Early Titled Tuesday Blitz | February 8 2022"]
[White "Kouskoutis, Georgios-Alexandros"]
[Black "Kanyamarala, Trisha"]
[WhiteFideId "4234049"]
[BlackFideId "45004722"]
[WhiteElo "2130"]
[BlackElo "2002"]
[Result "0-1"]
[Round "05"]
[TimeControl "180+1"]
[Date "2022.02.08"]
[WhiteClock "0:00:06"]
[BlackClock "0:00:07"]

1. c4 e6 2. g3 d5 3. Bg2 Nf6 4. Nf3 d4 5. O-O c5 6. e3 Nc6 7. exd4 cxd4 8. d3 Be7 9. Na3 O-O 10. Nc2 e5 11. Re1 Bd6 12. b4 Nxb4 13. Nxb4 Bxb4 14. Rxe5 Bg4 15. h3 Be6 16. Rb1 Bd6 17. Re1 Rb8 18. Nxd4 Re8 19. Nxe6 fxe6 20. Be3 b6 21. a4 Qc7 22. Qb3 Rbd8 23. Red1 Nh5 24. a5 bxa5 25. Qb7 Qxb7 26. Rxb7 Bb4 27. Rxa7 Nf6 28. Bb6 Rd7 29. Rxd7 Nxd7 30. Bc6 Re7 31. Bd8 Rf7 32. Ra1 Ne5 33. Be4 Rd7 34. Bxa5 Ra7 35. Bxb4 Rxa1+ 36. Kg2 Rd1 37. Bd6 Nxd3 38. c5 Nb4 39. Kf3 Kf7 40. Ke2 Rc1 41. Kd2 Rc4 42. Ke3 Ke8 43. Bxh7 Nd5+ 44. Kf3 Rc3+ 45. Kg2 Kd7 46. Be4 Nf6 47. Bf3 Rc2 48. h4 Ne8 49. Be5 Rxc5 50. Bd4 Rc1 51. Be3 Rb1 52. h5 Nf6 53. g4 Nd5 54. Bxd5 exd5 55. Bd4 Rb4 56. Bxg7 Rxg4+ 57. Kf3 Rxg7 58. Kf4 Ke6 59. h6 Rh7 60. Kg5 Kf7 61. f4 d4 62. f5 d3 0-1


[Site "https://www.chess.com"]

[Event "Early Titled Tuesday Blitz | February 8 2022"]
[White "Kovalev, Vladislav"]
[Black "Maurizzi, Marc`Andria"]
[WhiteFideId "13504398"]
[BlackFideId "36083534"]
[WhiteElo "2530"]
[BlackElo "2186"]
[Result "0-1"]
[Round "05"]
[TimeControl "180+1"]
[Date "2022.02.08"]
[WhiteClock "0:00:03"]
[BlackClock "0:00:21"]

1. e4 e5 2. Nf3 Nf6 3. Nc3 Nc6 4. h3 Bb4 5. Bd3 O-O 6. O-O d6 7. a3 Bc5 8. Re1 Be6 9. b4 Bb6 10. Bb2 a5 11. b5 Ne7 12. Na4 Ba7 13. Bf1 Ng6 14. d4 exd4 15. Nxd4 Bd7 16. c4 Re8 17. Nc3 c6 18. a4 Qb6 19. Nce2 Nxe4 20. Qc2 Re5 21. Rab1 Rae8 22. Ba1 Qc7 23. Qb2 Bc5 24. bxc6 Bxc6 25. f4 R5e7 26. Kh2 f6 27. Nxc6 bxc6 28. g3 h5 29. h4 Nf2 30. Qc2 Ng4+ 31. Kh1 Nf8 32. Bg2 Nf2+ 33. Kh2 Ng4+ 34. Kh1 Qd7 35. Bc3 Nf2+ 36. Kh2 Ng4+ 37. Kh1 Ne3 38. Qd2 Qg4 39. Rb2 Nxc4 40. Bd5+ cxd5 41. Qxd5+ Kh8 42. Qxc4 Qh3# 0-1


[Site "https://www.chess.com"]

[Event "Early Titled Tuesday Blitz | February 8 2022"]
[White "Krzywda, Andrzej"]
[Black "Piesik, Piotr"]
[WhiteFideId "1114565"]
[BlackFideId "1136194"]
[WhiteElo "2098"]
[BlackElo "2232"]
[Result "0-1"]
[Round "05"]
[TimeControl "180+1"]
[Date "2022.02.08"]
[WhiteClock "0:00:01"]
[BlackClock "0:00:56"]

1. d4 c5 2. d5 e5 3. e4 d6 4. Nc3 Be7 5. Nf3 a6 6. a4 Bg4 7. Be2 Bxf3 8. Bxf3 Bg5 9. O-O Bxc1 10. Qxc1 Ne7 11. g3 O-O 12. Bg2 Nd7 13. f4 f5 14. Qe3 exf4 15. Qxf4 Ne5 16. Rae1 h6 17. exf5 Nxf5 18. Bh3 Nd4 19. Qe4 Nef3+ 20. Kg2 Nxe1+ 21. Rxe1 Qf6 22. Nd1 Kh8 23. c3 Qf3+ 24. Qxf3 Nxf3 25. Re7 Ng5 26. Bg4 Rf7 27. Rxf7 Nxf7 28. Ne3 g6 29. Nc4 b5 30. Na3 Rb8 31. axb5 axb5 32. Bd7 b4 33. Nc4 bxc3 34. bxc3 Rb3 35. Be6 Ne5 36. Nxd6 Rxc3 37. Ne4 Rc2+ 38. Kf1 Rc4 39. Nd6 Rd4 40. Nb5 Rb4 41. Nc3 Nc4 42. Ke2 Nd6 43. Kd3 Kg7 44. Na2 Rd4+ 45. Ke3 Kf6 46. Nc3 Ke5 47. Ne2 Nc4+ 48. Kf2 Rd2 49. Ke1 Rb2 50. h4 g5 51. h5 Ne3 52. g4 Nxd5 0-1


[Site "https://www.chess.com"]

[Event "Early Titled Tuesday Blitz | February 8 2022"]
[White "Kucuksari, Kaan"]
[Black "Pires, Marcos Vinicius Torsani"]
[WhiteFideId "6380166"]
[BlackFideId "2118939"]
[WhiteElo "2305"]
[BlackElo "2273"]
[Result "0-1"]
[Round "05"]
[TimeControl "180+1"]
[Date "2022.02.08"]
[WhiteClock "0:00:10"]
[BlackClock "0:01:37"]

1. d4 c6 2. e4 d5 3. Nc3 dxe4 4. Nxe4 Bf5 5. Ng3 Bg6 6. h4 h6 7. Nf3 Nd7 8. h5 Bh7 9. Bd3 Bxd3 10. Qxd3 e6 11. Bd2 Ngf6 12. O-O-O Be7 13. Ne4 Nxe4 14. Qxe4 Nf6 15. Qd3 c5 16. Ne5 O-O 17. Qg3 Ne4 18. Qe3 Nxd2 19. Rxd2 cxd4 20. Qxd4 Qxd4 21. Rxd4 Rfd8 22. Rhd1 Rxd4 23. Rxd4 Rd8 24. Rxd8+ Bxd8 25. Kd2 Bc7 26. Nd3 Bd6 27. c4 Kf8 28. c5 Bc7 29. Kc3 Ke7 30. Kc4 g6 31. g4 Kf6 32. f4 gxh5 33. gxh5 Kf5 34. b4 a6 35. a4 f6 36. b5 axb5+ 37. axb5 e5 38. b6 Bb8 39. fxe5 fxe5 40. Nb4 e4 41. Nd5 Kg4 42. Nf6+ Kf3 43. Nxe4 Kxe4 44. c6 bxc6 45. Kc5 Kf5 46. Kxc6 Kg5 47. Kd5 Kxh5 48. Ke4 Kg4 49. Ke3 Kg3 50. Ke2 Kg2 51. Ke3 h5 52. Ke4 h4 53. Kd5 h3 54. Kc6 h2 55. Kb7 Be5 56. Kc6 h1=Q 57. Kd5 Kf2+ 58. Kc5 Qb7 59. Kb5 Bc7 0-1


[Site "https://www.chess.com"]

[Event "Early Titled Tuesday Blitz | February 8 2022"]
[White "Lakshmi C"]
[Black "Batsiashvili, Nino"]
[WhiteFideId "25035347"]
[BlackFideId "13602993"]
[WhiteElo "1775"]
[BlackElo "2230"]
[Result "0-1"]
[Round "05"]
[TimeControl "180+1"]
[Date "2022.02.08"]
[WhiteClock "0:00:01"]
[BlackClock "0:00:13"]

1. d4 d5 2. c4 e6 3. Nc3 a6 4. e3 Nf6 5. Nf3 Be7 6. Bd3 dxc4 7. Bxc4 b5 8. Bd3 Bb7 9. Qe2 Nbd7 10. O-O c5 11. Bc2 O-O 12. dxc5 Nxc5 13. Rd1 Qc7 14. a3 Rfd8 15. Nd4 Qe5 16. b4 Nce4 17. Nxe4 Nxe4 18. Bb2 Bd6 19. f4 Qf6 20. Bxe4 Bxe4 21. Nc6 Qg6 22. Rxd6 Bxc6 23. Rxc6 h5 24. Rac1 h4 25. R6c5 h3 26. Rg5 Qe4 27. Bxg7 Rac8 28. Bc3+ Kf8 29. Bd2 Rc2 30. Rxc2 Qxc2 0-1


[Site "https://www.chess.com"]

[Event "Early Titled Tuesday Blitz | February 8 2022"]
[White "Lashkin, Jegor"]
[Black "Kosakowski, Jakub"]
[WhiteFideId "13907808"]
[BlackFideId "1185080"]
[WhiteElo "2344"]
[BlackElo "2476"]
[Result "1-0"]
[Round "05"]
[TimeControl "180+1"]
[Date "2022.02.08"]
[WhiteClock "0:00:08"]
[BlackClock "0:00:07"]

1. d4 Nf6 2. c4 e6 3. Nf3 Bb4+ 4. Bd2 c5 5. Bxb4 cxb4 6. a3 bxa3 7. Rxa3 b6 8. Nc3 Bb7 9. e3 O-O 10. Be2 a5 11. O-O Na6 12. Qb3 d6 13. Raa1 Rc8 14. Rfc1 Re8 15. Nd2 e5 16. Bf3 Bxf3 17. Nxf3 Nb4 18. Na2 e4 19. Nd2 Nd3 20. Rf1 d5 21. Nc3 dxc4 22. Nxc4 Qc7 23. Nxb6 Rb8 24. Nbd5 Nxd5 25. Qxd5 Rxb2 26. Nxe4 h6 27. Qf5 Qc2 28. Nd6 Rf8 29. Rxa5 Qe2 30. Raa1 Rb6 31. Ne4 Rg6 32. Ng3 Rf6 33. Qxf6 gxf6 34. Nxe2 1-0


[Site "https://www.chess.com"]

[Event "Early Titled Tuesday Blitz | February 8 2022"]
[White "Le, Tuan Minh"]
[Black "Volkov, Sergey"]
[WhiteFideId "12401153"]
[BlackFideId "4122763"]
[WhiteElo "2450"]
[BlackElo "2475"]
[Result "1-0"]
[Round "05"]
[TimeControl "180+1"]
[Date "2022.02.08"]
[WhiteClock "0:00:30"]
[BlackClock "0:00:06"]

1. d4 d5 2. Nf3 Nf6 3. Bf4 c5 4. c3 Nc6 5. e3 Qb6 6. Qc2 g6 7. Nbd2 Bf5 8. dxc5 Qxc5 9. Qb3 Qb6 10. Be2 Bg7 11. O-O O-O 12. Rfd1 Rfc8 13. Rac1 Qxb3 14. Nxb3 Bg4 15. h3 Bxf3 16. Bxf3 e6 17. c4 dxc4 18. Rxc4 Nd5 19. Bxd5 exd5 20. Rxd5 Bxb2 21. Nc5 b5 22. Re4 a5 23. Nd3 Bg7 24. Rxb5 Rd8 25. Rc4 Rxd3 26. Rxc6 Rd1+ 27. Kh2 Rd2 28. Rxa5 Re8 29. Kg3 h6 30. h4 f6 31. Kf3 g5 32. Bg3 Bf8 33. Rxf6 gxh4 34. Bxh4 Be7 35. Rf4 Bxh4 36. Rxh4 Rf8+ 37. Rf4 Rxf4+ 38. exf4 Kg7 39. Ra8 Kg6 40. g3 h5 41. a4 Ra2 42. a5 h4 43. gxh4 Kg7 44. a6 Ra3+ 45. Kg2 Ra4 46. a7 Kh7 47. f5 Rg4+ 48. Kh3 Ra4 49. f6 Ra3+ 50. Kg2 Ra6 51. f7 Rg6+ 52. Kh3 Rg1 53. f8=Q Rh1+ 54. Kg2 1-0


[Site "https://www.chess.com"]

[Event "Early Titled Tuesday Blitz | February 8 2022"]
[White "Lehtosaari, Mauri"]
[Black "Tregubov, Pavel V."]
[WhiteFideId "501999"]
[BlackFideId "4115341"]
[WhiteElo "2462"]
[BlackElo "2341"]
[Result "1/2-1/2"]
[Round "05"]
[TimeControl "180+1"]
[Date "2022.02.08"]
[WhiteClock "0:00:07"]
[BlackClock "0:00:12"]

1. d4 Nf6 2. Nf3 c5 3. c3 b6 4. Bg5 Bb7 5. Nbd2 e6 6. e3 Be7 7. Bd3 d5 8. Ne5 O-O 9. O-O Ne4 10. Bxe7 Qxe7 11. f4 f6 12. Nef3 Nd7 13. Qc2 f5 14. Bb5 Rac8 15. Bxd7 Qxd7 16. Ne5 Qe7 17. Ndf3 b5 18. dxc5 Rxc5 19. Qb3 a5 20. Rad1 Ba6 21. Rfe1 Rb8 22. Nd4 Rb6 23. Qa3 b4 24. cxb4 axb4 25. Qa4 h6 26. Nd7 Qh4 27. Nxb6 Qf2+ 28. Kh1 Bd3 29. Qe8+ Kh7 30. Qxe6 Nd2 31. Rg1 Be4 32. Rxd2 Qxd2 33. Nb3 Bxg2+ 34. Rxg2 Qd1+ 35. Rg1 Qf3+ 36. Rg2 Qf1+ 37. Rg1 Qf3+ 38. Rg2 Qf1+ 39. Rg1 Qf3+ 1/2-1/2


[Site "https://www.chess.com"]

[Event "Early Titled Tuesday Blitz | February 8 2022"]
[White "Liyanage, Ranindu Dilshan"]
[Black "Praggnanandhaa R"]
[WhiteFideId "9915834"]
[BlackFideId "25059530"]
[WhiteElo "1858"]
[BlackElo "2599"]
[Result "0-1"]
[Round "05"]
[TimeControl "180+1"]
[Date "2022.02.08"]
[WhiteClock "0:00:03"]
[BlackClock "0:00:11"]

1. e4 c5 2. Nf3 e6 3. d4 cxd4 4. Nxd4 a6 5. c4 Nf6 6. Nc3 Qc7 7. a3 b6 8. Be2 Bb7 9. f3 d6 10. Be3 Nbd7 11. O-O Be7 12. Rc1 O-O 13. b4 Rac8 14. Qe1 Qb8 15. Qf2 Bd8 16. Rfd1 Bc7 17. g4 h6 18. h4 d5 19. exd5 exd5 20. Nf5 Rfe8 21. cxd5 Be5 22. Bd4 Bf4 23. Rb1 g6 24. Nxh6+ Bxh6 25. g5 Bg7 26. gxf6 Nxf6 27. Bxf6 Bxf6 28. Ne4 Bg7 29. Qxb6 Rc2 30. Qf2 f5 31. Rd2 Rxd2 32. Nxd2 Qf4 33. Nb3 Bxd5 34. Kf1 Re3 35. Nd2 Bd4 36. Qg2 Kf7 37. Rd1 Rxa3 38. Ne4 Bxe4 39. Rxd4 Ra1+ 40. Rd1 Rxd1+ 41. Bxd1 Bd3+ 42. Kg1 Qxh4 43. Qf2 Qxb4 44. Qa7+ Qe7 45. Qd4 Qe1+ 0-1


[Site "https://www.chess.com"]

[Event "Early Titled Tuesday Blitz | February 8 2022"]
[White "Lopez Gracia, Fernando"]
[Black "Gontcharov, Vladislav"]
[WhiteFideId "2207184"]
[BlackFideId "4123492"]
[WhiteElo "2406"]
[BlackElo "2503"]
[Result "1-0"]
[Round "05"]
[TimeControl "180+1"]
[Date "2022.02.08"]
[WhiteClock "0:00:21"]
[BlackClock "0:00:03"]

1. c4 Nf6 2. Nc3 g6 3. e4 d6 4. d4 Bg7 5. Be2 O-O 6. Nf3 Bg4 7. Be3 Nfd7 8. Qd2 c5 9. d5 Na6 10. O-O-O Nc7 11. h3 Bxf3 12. Bxf3 b5 13. cxb5 Rb8 14. h4 Nxb5 15. Nxb5 Rxb5 16. b3 Rb4 17. Bh6 Bh8 18. h5 Qa5 19. hxg6 hxg6 20. Bg4 Qa3+ 21. Kb1 Rfb8 22. Rh3 Ne5 23. Be2 c4 24. Qb2 Qxb2+ 25. Kxb2 Nd3+ 26. Kc2 Nxf2 27. Bxc4 Nxh3 28. gxh3 Bf6 29. Rg1 a5 30. Bd2 Rxc4+ 31. bxc4 Rb2+ 32. Kd3 Rxa2 33. Rb1 Ra3+ 34. Kc2 a4 35. Rb8+ Kg7 36. Ra8 Ra2+ 37. Kd3 a3 38. Bb4 Rb2 39. Bxa3 Rb3+ 40. Kc2 Rxh3 41. c5 Rc3+ 42. Kd2 dxc5 43. e5 Bxe5 44. Bb2 Rb3 45. Bxe5+ f6 46. Bc3 Kf7 47. Ra7 Ke8 48. Rc7 Rb5 49. Kd3 g5 50. Kc4 Rb1 51. Kxc5 g4 52. d6 exd6+ 53. Kxd6 g3 54. Rg7 Rd1+ 55. Ke6 Kd8 56. Bxf6+ Kc8 57. Rxg3 Re1+ 58. Be5 Rd1 59. Rc3+ Kb7 60. Rc4 Kb6 61. Bd6 Kb5 62. Rb4+ Kc6 63. Rc4+ Kb5 64. Rc2 Rd3 65. Kd7 Ka4 66. Rb2 1-0


[Site "https://www.chess.com"]